 Dungeon Crawl Stone Soup version 0.17.0-28-g6e173f8 (webtiles) character file.

154 Peloso the Shield-Bearer (level 5, -1/47 HPs)
             Began as a Minotaur Fighter on Nov 29, 2015.
             Slain by a gnoll
             ... wielding a +0 halberd
              (2 damage)
             ... on level 3 of the Dungeon.
             The game lasted 00:03:48 (1591 turns).

Peloso the Shield-Bearer (Minotaur Fighter)         Turns: 1591, Time: 00:03:52

Health: -1/47      AC: 13    Str: 21    XL:     5   Next: 13%
Magic:  4/4        EV:  8    Int:  5    God:
Gold:   114        SH: 10    Dex: 10    Spells: 0 memorised, 4 levels left

rFire  . . .     SeeInvis .     a - +0 long sword
rCold  . . .     Rnd*Rage +     b - +0 scale mail
rNeg   . . .     SustAt   .     c - +0 shield
rPois  .         Gourm    .     (helmet restricted)
rElec  .         Spirit   .     g - +0 cloak
rCorr  +         Warding  .     t - +0 pair of gloves
rMut   .         Stasis   .     (no boots)
MR     .....                    p - amulet of resist corrosion
Stlth  ..........               (no ring)
                                (no ring)

@: lethally poisoned (-1 -> -24), not resistant to hostile enchantments,
extremely unstealthy
A: retaliatory headbutt, horns 2, talons 1, iridescent scales 1, berserk 1
a: no special abilities


You were on level 3 of the Dungeon.
You were not hungry.

You visited 1 branch of the dungeon, and saw 3 of its levels.

You collected 114 gold pieces.

Inventory:

Hand Weapons
 a - a +0 long sword (weapon)
Armour
 b - a +0 scale mail (worn)
 c - a +0 shield (worn)
 g - a +0 cloak (worn)
 t - a +0 pair of gloves (worn)
Jewellery
 p - an amulet of resist corrosion (around neck)
Scrolls
 h - a scroll of fog {unknown}
 i - 3 scrolls of remove curse {unknown}
 l - 2 scrolls of teleportation {unknown}
 o - a scroll of enchant weapon {unknown}
 u - a scroll of identify {unknown}
 x - a scroll of recharging {unknown}
Potions
 d - a potion of might
 j - a potion of invisibility {unknown}
 n - 2 potions of poison
 r - a potion of cure mutation {unknown}
 v - a potion of flight {unknown}
Comestibles
 e - 3 bread rations
 k - a chunk of flesh
 m - 3 fruits
 q - a meat ration
 s - a royal jelly
 w - a beef jerky


   Skills:
 + Level 4.5 Fighting
 + Level 3.1 Long Blades
 + Level 4.6 Armour
 + Level 1.6 Dodging
 + Level 4.9 Shields


You had 4 spell levels left.
You didn't know any spells.

Dungeon Overview and Level Annotations

Branches:
Dungeon (3/15)

Altars:
Nemelex Xobeh
Qazlal


Innate Abilities, Weirdness & Mutations

You reflexively headbutt those who attack you in melee.
You have a pair of horns on your head.
You have sharp toenails.
You are partially covered in iridescent scales (AC +4).
You tend to lose your temper in combat.


Message History

The gnoll hits you but does no damage.
You slash the gnoll!
You kill the gnoll!
You feel sick. You block the gnoll's attack.
Drink which item? (? for menu, Esc to quit)
It was a potion of poison.
That liquid tasted very nasty...
You are lethally poisoned!
* * * LOW HITPOINT WARNING * * *
You feel sick. You block the gnoll's attack. The gnoll misses you.
Some of the chunks of flesh in your inventory have rotted away.
Drink which item? (? for menu, Esc to quit)
It was a potion of mutation.
You feel extremely strange.
Iridescent scales grow over part of your body.
Your toenails lengthen and sharpen.
You feel a little pissed off.
* * * LOW HITPOINT WARNING * * *
You feel sick. The gnoll hits you.
* * * LOW HITPOINT WARNING * * *
The gnoll hits you from afar with a halberd.
You die...

...##.....#
..###........###
...............##
.......<#.##....#
........(....####
........###†)#
........# ##(#
........# #(#
........# #@#
###K....####g#
#...r..g.g.#
#....g####.#
#†.......
#........
#........
#.....### #.....#


You could see 2 gnolls.

Vanquished Creatures
  Natasha (D:2)
  An iguana (D:2)
  4 adders
  A gnoll (D:3)
  An ooze (D:2)
  An adder zombie (D:2)
  A giant gecko (D:2)
  2 giant cockroaches (D:2)
  10 goblins
  6 hobgoblins
  2 jackals (D:1)
  5 kobolds
  3 ball pythons
  7 bats
  7 giant newts
  4 rats
56 creatures vanquished.

Notes
Turn   | Place    | Note
--------------------------------------------------------------
     0 | D:1      | Peloso the Minotaur Fighter began the quest for the Orb.
     0 | D:1      | Reached XP level 1. HP: 19/19 MP: 0/0
   216 | D:1      | Reached XP level 2. HP: 27/27 MP: 1/1
   221 | D:1      | Reached skill level 4 in Shields
   816 | D:2      | Found a sparkling altar of Nemelex Xobeh.
   817 | D:2      | Found a stormy altar of Qazlal.
   820 | D:2      | Noticed Natasha
   828 | D:2      | Killed Natasha
   828 | D:2      | Reached XP level 3. HP: 33/33 MP: 2/2
  1066 | D:2      | Reached XP level 4. HP: 40/40 MP: 3/3
  1369 | D:2      | Reached skill level 1 in Dodging
  1586 | D:3      | Reached XP level 5. HP: 20/47 MP: 4/4
  1591 | D:3      | Gained mutation: You are partially covered in iridescent scales (AC +4). [potion of mutation]
  1591 | D:3      | Gained mutation: You have sharp toenails. [potion of mutation]
  1591 | D:3      | Gained mutation: You tend to lose your temper in combat. [potion of mutation]
  1591 | D:3      | HP: 1/47 [gnoll (4)]
  1591 | D:3      | Slain by a gnoll

Action                   |  1- 3 |  4- 6 || total
-------------------------+-------+-------++-------
Melee: Long sword        |    61 |    54 ||   115
  Use: Potion            |       |     2 ||     2
  Eat: Chunk             |     1 |     1 ||     2
